 Dungeon Crawl Stone Soup version 0.19.0-19-g8c6edcc (webtiles) character file.

601 mmcf the Ruffian (level 7, -2/70 HPs)
             Began as a Troll Monk on Nov 13, 2016.
             Was a Believer of Makhleb.
             Succumbed to Sigmund's poison
             ... on level 5 of the Dungeon.
             The game lasted 00:05:05 (3240 turns).

mmcf the Ruffian (Troll Monk)                       Turns: 3240, Time: 00:05:06

Health: -2/70      AC:  6    Str: 20    XL:     7   Next: 18%
Magic:  7/7        EV: 12    Int:  6    God:    Makhleb [**....]
Gold:   209        SH:  0    Dex: 14    Spells: 0 memorised, 6 levels left

rFire  . . .     SeeInvis .       - Unarmed
rCold  . . .     Gourm    +     a - +0 robe
rNeg   . . .     Faith    .     (no shield)
rPois  .         Spirit   .     (helmet restricted)
rElec  .         Reflect  .     g - +0 cloak
rCorr  .         Harm     .     (gloves unavailable)
MR     .....                    (boots unavailable)
Stlth  ++........               (no amulet)
                                (no ring)
                                (no ring)

@: lethally poisoned (-2 -> -27)
A: unfitting armour, claws 3, fast metabolism 3, gourmand, regeneration 1,
shaggy fur 1, tough skin 2
a: Minor Destruction, Renounce Religion


You were on level 5 of the Dungeon.
You worshipped Makhleb.
Makhleb was pleased with you.
You were very full.

You visited 1 branch of the dungeon, and saw 6 of its levels.

You collected 209 gold pieces.

Inventory:

Hand Weapons
 u - a +2 flail of holy wrath
Missiles
 t - 15 poisoned needles
Armour
 a - a +0 robe (worn)
 g - a +0 cloak (worn)
Jewellery
 s - an uncursed ring of fire
Wands
 q - a wand of lightning (8/15)
Scrolls
 c - a scroll of fear {unknown}
 d - 2 scrolls of identify
 e - 5 scrolls of remove curse
 f - 2 scrolls of fog {unknown}
 h - 3 scrolls of blinking
 k - 2 scrolls of enchant armour {unknown}
 l - a scroll of amnesia {unknown}
 o - 2 scrolls of immolation {unknown}
Potions
 i - a potion of berserk rage
 m - 2 potions of mutation
 p - a potion of might
 r - a potion of curing {unknown}
Comestibles
 b - 5 bread rations
 j - 3 meat rations
 n - 4 fruits


   Skills:
 + Level 4.2 Fighting
 + Level 4.0 Dodging
 - Level 1.0 Stealth
 + Level 5.4 Unarmed Combat
 + Level 1.8 Invocations


You had 6 spell levels left.
You didn't know any spells.

Dungeon Overview and Level Annotations

Branches:
Dungeon (6/15)
 Temple: D:4-7

Altars:
Dithmenos
Makhleb
Vehumet
Xom

Annotations:
D:6 Pikel, Sigmund


Innate Abilities, Weirdness & Mutations

You are too large for most types of armour.
You have claws for hands.
Your metabolism is lightning-fast.
You like to eat raw meat.
Your natural rate of healing is unusually fast.
You are covered in fur. (AC +1)
You have very tough skin. (AC +2)


Message History

* * * LOW HITPOINT WARNING * * *
You feel very sick. Sigmund misses you.
Pikel the Slaver comes into view.
He is wielding a whip of flaming.
* * * LOW HITPOINT WARNING * * *
You feel very sick.
* * * LOW HITPOINT WARNING * * *
You feel very sick.
* * * LOW HITPOINT WARNING * * *
You feel very sick.
* * * LOW HITPOINT WARNING * * *
You feel very sick.
There is a stone staircase leading up here.
* * * LOW HITPOINT WARNING * * *
You feel very sick.
Sigmund hits you from afar with a scythe of venom.
* * * LOW HITPOINT WARNING * * *
You are more poisoned.
You climb upwards.
You die...

##.....##
##.......##
#.........#
+.........+
#.........#
#.$.....#
#.....# #..@#
##'## #.# #.#
##.##
##...##########.
#...............
..
##...#.#########
....###.#...#


There were no monsters in sight!

Vanquished Creatures
  An ice beast (D:5)
  An ogre (D:4)
  A crimson imp (D:3)
  An orc priest (D:3)
  A hound (D:3)
  3 orc wizards
  A worker ant (D:4)
  A worker ant zombie (D:5)
  6 adders
  6 gnolls (D:4)
  An ooze (D:3)
  2 worms (D:2)
  2 leopard geckos
  5 orcs
  9 bats
  4 giant cockroaches
  6 goblins
  11 hobgoblins
  15 jackals
  9 kobolds
  2 quokkas
  3 ball pythons
  3 frilled lizards
  A leopard gecko skeleton (D:5)
  4 rats
99 creatures vanquished.

Notes
Turn   | Place    | Note
-------+----------+-------------------------------------------
     0 | D:1      | mmcf the Troll Monk began the quest for the Orb.
     0 | D:1      | Reached XP level 1. HP: 22/22 MP: 0/0
    77 | D:1      | Reached XP level 2. HP: 27/29 MP: 1/1
   777 | D:1      | Reached XP level 3. HP: 33/36 MP: 2/2
  1581 | D:3      | Reached XP level 4. HP: 35/45 MP: 3/3
  1583 | D:3      | Reached skill level 4 in Unarmed Combat
  1610 | D:3      | Reached XP level 5. HP: 28/53 MP: 4/4
  2029 | D:3      | Found a shimmering altar of Xom.
  2198 | D:3      | Found a burning altar of Makhleb.
  2199 | D:3      | Found a radiant altar of Vehumet.
  2213 | D:3      | Reached skill level 5 in Unarmed Combat
  2232 | D:3      | Became a worshipper of Makhleb the Destroyer
  2232 | D:3      | Reached * piety under Makhleb
  2232 | D:3      | Reached ** piety under Makhleb
  2298 | D:4      | Noticed an ogre
  2303 | D:4      | Killed an ogre
  2303 | D:4      | Reached XP level 6. HP: 46/62 MP: 5/5
  2339 | D:5      | Entered Level 5 of the Dungeon
  2520 | D:4      | Reached skill level 1 in Invocations
  2624 | D:4      | Found a shadowy altar of Dithmenos.
  2922 | D:5      | Noticed an ice beast
  2937 | D:5      | Killed an ice beast
  2937 | D:5      | Reached XP level 7. HP: 52/70 MP: 7/7
  3219 | D:6      | Noticed Sigmund
  3235 | D:6      | Noticed Pikel
  3239 | D:6      | HP: 1/70 [Sigmund/scythe of venom (5)]
  3240 | D:5      | Succumbed to Sigmund's poison

Skill      XL: |  1  2  3  4  5  6 |
---------------+-------------------+-----
Fighting       | 3 4 |  4.2
Unarmed Combat | 4 5 |  5.4
Dodging        | 3 4 |  4.0
Invocations    | 1 |  1.8
Stealth        | |  1.0

Action                   |  1- 3 |  4- 6 |  7- 9 || total
-------------------------+-------+-------+-------++-------
Melee: Unarmed           |   118 |   168 |     5 ||   291
       Punch             |     2 |     2 |       ||     4
  Use: Scroll            |       |     5 |       ||     5
 Stab: Sleeping          |     2 |       |       ||     2
  Eat: Chunk             |    18 |    14 |     1 ||    33
Armor: Robe              |    52 |   101 |     1 ||   154
Dodge: Dodged            |    80 |   148 |     3 ||   231
